 Dungeon Crawl Stone Soup version 0.21.1-1-g345015fe64 (webtiles) character file.

786 McKennaii the Magician (level 7, 0/37 HPs)
             Began as a Deep Elf Ice Elementalist on June 11, 2018.
             Shot with an arrow by a centaur (10 damage)
             ... on level 5 of the Dungeon.
             The game lasted 00:08:16 (4699 turns).

McKennaii the Magician (Deep Elf Ice Elementalist)  Turns: 4699, Time: 00:08:16

Health: 0/37       AC:  4    Str: 10    XL:     7   Next: 56%
Magic:  1/19       EV: 13    Int: 22    God:
Gold:   275        SH:  0    Dex: 15    Spells: 6/20 levels left

rFire    . . .     SeeInvis .   p - +1 short sword (protect)
rCold    . . .     Gourm    .   (no shield)
rNeg     . . .     Faith    .   B - +1 robe
rPois    .         Spirit   .   (no helmet)
rElec    .         Reflect  .   w - +0 cloak
rCorr    .         Harm     .   (no gloves)
MR       .....                  (no boots)
Stlth    +++.......             (no amulet)
HPRegen  0.12/turn              (no ring)
MPRegen  0.16/turn              (no ring)

@: mighty, flying, very slightly contaminated
A: no striking features
a: no special abilities


You were on level 5 of the Dungeon.
You were not hungry.

You visited 1 branch of the dungeon, and saw 5 of its levels.

You collected 275 gold pieces.

Inventory:

Hand Weapons
 p - a +1 short sword of protection (weapon)
Armour
 w - a +0 cloak (worn)
 B - a +1 robe (worn)
Wands
 A - a wand of polymorph (11)
 D - a wand of scattershot (1)
 E - a wand of flame (15)
Scrolls
 h - 3 scrolls of identify
 i - 2 scrolls of fear
 j - 2 scrolls of amnesia {unknown}
 l - 2 scrolls of fog {unknown}
 o - 2 scrolls of enchant armour {unknown}
 s - 2 scrolls of blinking {unknown}
 u - 3 scrolls of remove curse
 v - 2 scrolls of enchant weapon {unknown}
 x - a scroll of noise {unknown}
 y - a scroll of random uselessness {unknown}
 z - 3 scrolls of teleportation {unknown}
Potions
 a - a potion of mutation {unknown}
 d - 2 potions of might
 e - 2 potions of curing
 f - 2 potions of heal wounds {unknown}
 g - a potion of magic {unknown}
 k - 2 potions of berserk rage {unknown}
 m - 2 potions of agility {unknown}
 n - 2 potions of brilliance {unknown}
 q - a potion of invisibility {unknown}
 r - 2 potions of flight
 t - 2 potions of degeneration {unknown}
Books
 b - a book of Frost

   Spells                             Type                      Level
   a - Freeze                         Ice                          1
   b - Throw Frost                    Conjuration/Ice              2
   c - Ozocubu's Armour               Charms/Ice                   3
   d - Throw Icicle                   Conjuration/Ice              4
   e - Summon Ice Beast               Ice/Summoning                4
Comestibles
 c - 11 rations


   Skills:
 + Level 0.3 Fighting
 + Level 0.6 Short Blades
 + Level 3.3 Dodging
 * Level 4.6 Stealth
 * Level 7.3 Spellcasting
 + Level 2.5 Conjurations
 + Level 0.1 Summonings
 * Level 6.3 Ice Magic


You had 6 spell levels left.
You knew the following spells:

 Your Spells              Type           Power        Failure   Level  Hunger
a - Freeze                Ice            ####         1%          1    None
b - Throw Frost           Conj/Ice       ####..       1%          2    None
c - Ozocubu's Armour      Chrm/Ice       ###.....     6%          3    None
d - Summon Ice Beast      Ice/Summ       ###.....     21%         4    ###....
e - Throw Icicle          Conj/Ice       ####....     13%         4    ###....


Dungeon Overview and Level Annotations

Branches:
Dungeon (5/15)
 Temple: D:4-7

Altars:
Qazlal

Shops:
D:4 =


Message History

You feel very mighty all of a sudden.
The bullfrog zombie hits you but does no damage.
The centaur shoots an arrow.
The arrow hits you!
* * * LOW HITPOINT WARNING * * *
It was a potion of curing.
You feel better.
The centaur shoots an arrow.
The arrow barely misses you. The bullfrog zombie hits you.
You completely miss the bullfrog zombie.
The bullfrog zombie is severely damaged.
The centaur shoots an arrow.
The arrow completely misses you. The bullfrog zombie hits you.
The bullfrog zombie hits you but does no damage.
The centaur shoots an arrow.
The arrow barely misses you.
Unknown command.
You feel better.
The centaur shoots an arrow.
The arrow hits you! The bullfrog zombie hits you.
* * * LOW HITPOINT WARNING * * *
It was a potion of flight.
You feel very buoyant.
You fly up into the air.
The centaur shoots an arrow.
The arrow hits you!
You die...

#########...........######
#.###......## #.# ####.###
#.## ### ##..###
#...<.#### ##(.......#
#.........# #.....@...#
#.......Zc.##
#............#
#............##
..#...........#
#............##
##..........#.##
#..........##.##
##.........###.##


You could see a centaur and a bullfrog zombie.

Vanquished Creatures
  A bullfrog (D:4)
  2 scorpions
  A crimson imp (D:5)
  A jelly (D:5)
  A hound (D:4)
  2 orc priests (D:4)
  Jessica (D:3)
  Terence (D:2)
  Natasha (thrice) (D:3)
  3 orc wizards (D:4)
  2 worker ants (D:4)
  4 adders
  A shadow imp (D:5)
  An ooze (D:1)
  An adder skeleton (D:4)
  A worm (D:2)
  2 dart slugs
  2 leopard geckos (D:1)
  9 orcs
  4 bats
  3 giant cockroaches
  7 goblins
  7 hobgoblins
  7 kobolds
  2 frilled lizards
  7 rats
76 creatures vanquished.

Vanquished Creatures (collateral kills)
  A phantom (D:4)
  A bullfrog skeleton (D:4)
  A centaur skeleton (D:5)
3 creatures vanquished.

Grand Total: 79 creatures vanquished

Notes
Turn   | Place    | Note
-------+----------+-------------------------------------------
     0 | D:1      | McKennaii the Deep Elf Ice Elementalist began the quest for the Orb.
     0 | D:1      | Reached XP level 1. HP: 10/10 MP: 6/6
   406 | D:1      | Reached XP level 2. HP: 15/15 MP: 6/8
  1122 | D:2      | Found a stormy altar of Qazlal.
  1221 | D:2      | Reached XP level 3. HP: 19/19 MP: 7/9
  1463 | D:2      | Learned a level 2 spell: Throw Frost
  1735 | D:2      | Noticed Terence
  1753 | D:2      | Killed Terence
  1753 | D:2      | Reached skill level 4 in Spellcasting
  1866 | D:2      | Reached XP level 4. HP: 18/24 MP: 7/12
  2022 | D:3      | Noticed Natasha
  2028 | D:3      | Killed Natasha
  2315 | D:3      | Noticed Natasha
  2320 | D:3      | Killed Natasha
  2413 | D:3      | Reached XP level 5. HP: 27/28 MP: 11/14
  2656 | D:3      | Reached skill level 5 in Spellcasting
  2783 | D:3      | Noticed Natasha
  2788 | D:3      | Killed Natasha
  2939 | D:3      | Noticed Jessica
  2945 | D:3      | Killed Jessica
  2945 | D:3      | Reached skill level 5 in Ice Magic
  3267 | D:4      | Learned a level 3 spell: Ozocubu's Armour
  3310 | D:4      | Reached XP level 6. HP: 32/32 MP: 5/15
  3318 | D:4      | Learned a level 4 spell: Summon Ice Beast
  3323 | D:4      | Learned a level 4 spell: Throw Icicle
  3742 | D:4      | Reached XP level 7. HP: 24/36 MP: 0/17
  3868 | D:4      | Reached skill level 6 in Spellcasting
  4015 | D:4      | Found Ygonofonyw's Jewellery Boutique.
  4405 | D:5      | Entered Level 5 of the Dungeon
  4411 | D:5      | Reached skill level 7 in Spellcasting
  4699 | D:5      | Shot with an arrow by a centaur

Skill      XL: |  1  2  3  4  5  6  7 |
---------------+----------------------+-----
Ice Magic      | 4 5 6 |  6.3
Spellcasting   | 4 5 7 |  7.3
Stealth        | 3 4 |  4.6
Conjurations   | 2 |  2.5
Dodging        | 3 |  3.3
Fighting       | |  0.3
Short Blades   | |  0.6
Summonings     | |  0.1

Action                   |  1- 3 |  4- 6 |  7- 9 || total
-------------------------+-------+-------+-------++-------
Melee: Unarmed           |     1 |       |       ||     1
       Dagger            |     2 |       |       ||     2
       Short sword       |    16 |    49 |    40 ||   105
 Cast: Freeze            |    39 |    22 |     8 ||    69
       Throw Frost       |     8 |    54 |    31 ||    93
       Summon Ice Beast  |       |     1 |     6 ||     7
  Use: Scroll            |       |     3 |       ||     3
       Potion            |       |       |     4 ||     4
 Stab: Sleeping          |       |     1 |       ||     1
       Distracted        |       |       |     2 ||     2
  Eat: Chunk             |     3 |     6 |     1 ||    10
       Ration            |       |       |     1 ||     1
Armor: Robe              |     9 |    19 |    19 ||    47
Dodge: Dodged            |    20 |    41 |    25 ||    86
